 Dungeon Crawl Stone Soup version 0.18-a0-1788-g92de1ac (webtiles) character file.

16 M4edhros the Grave Robber (level 2, 0/17 HPs)
             Began as an Octopode Necromancer on Apr 20, 2016.
             Slain by a hobgoblin (2 damage)
             ... on level 2 of the Dungeon.
             The game lasted 00:01:49 (265 turns).

M4edhros the Grave Robber (Octopode Necromancer)     Turns: 265, Time: 00:01:50

Health: 0/17       AC:  1    Str:  7    XL:     2   Next: 54%
Magic:  2/5        EV: 12    Int: 17    God:
Gold:   28         SH:  0    Dex: 12    Spells: 1 memorised, 4 levels left

rFire  . . .     SeeInvis .       - Unarmed
rCold  . . .     Gourm    .     (no shield)
rNeg   . . .     Faith    .     (helmet restricted)
rPois  .         Spirit   .     (no amulet)
rElec  .         Dismiss  .     (no ring)
rCorr  .         Reflect  .     (no ring)
SustAt .         Harm     .     (no ring)
MR     .....                    (no ring)
Stlth  +++.......               (no ring)
                                (no ring)
                                (no ring)
                                (no ring)

@: very slightly contaminated, not resistant to hostile enchantments, fairly
stealthy
A: almost no armour, amphibious, 8 rings, constrict 8, camouflage 1, gelatinous
body 1
a: no special abilities


You were on level 2 of the Dungeon.
You were not hungry.

You visited 1 branch of the dungeon, and saw 3 of its levels.

You collected 28 gold pieces.

Inventory:

Hand Weapons
 c - a +0 hunting sling
Missiles
 d - 17 sling bullets
Scrolls
 e - 2 scrolls of fear {unknown}
Books
 a - a book of Necromancy

   Spells                             Type                      Level
   a - Pain                           Necromancy                   1
   b - Animate Skeleton               Necromancy                   1
   c - Vampiric Draining              Necromancy                   3
   d - Regeneration                   Charms/Necromancy            3
   e - Animate Dead                   Necromancy                   4
   f - Control Undead                 Necromancy                   4
Comestibles
 b - 2 bread rations


   Skills:
 - Level 2.0 Dodging
 - Level 2.6 Stealth
 + Level 2.1 Unarmed Combat
 - Level 2.0 Spellcasting
 - Level 4.0 Necromancy


You had 4 spell levels left.
You knew the following spells:

 Your Spells              Type           Power        Failure   Level  Hunger
a - Pain                  Necr           ###.         3%          1    #......


Dungeon Overview and Level Annotations

Branches:
Dungeon (3/15)

Altars:
Makhleb

Annotations:
D:2 Robin


Innate Abilities, Weirdness & Mutations

You cannot wear most types of armour.
You are amphibious.
You can wear up to eight rings at the same time.
You can use your tentacles to constrict eight enemies at once.
Your skin changes colour to match your surroundings (Stealth).
Your rubbery body absorbs attacks (AC +1).


Message History

The goblin shouts!
A hobgoblin comes into view. It is wielding a club.
The hobgoblin shouts!
Casting: Pain
Confirm with . or Enter, or press ? or * to list all spells.
Aiming: Pain
Press: ? - help, Shift-Dir - straight line, f - goblin
Aim: a goblin, wielding a dagger (unusually strong, chance to defeat MR: 92%)
You miscast Pain.
You are very lightly contaminated with residual magic.
You smell decay.
The goblin hits you but does no damage. Robin completely misses you.
Casting: Pain
Confirm with . or Enter, or press ? or * to list all spells.
Aiming: Pain
Press: ? - help, Shift-Dir - straight line, f/p - goblin
Aim: a goblin, wielding a dagger (unusually strong, chance to defeat MR: 92%)
The goblin convulses in agony!
The goblin hits you but does no damage. The hobgoblin hits you.
You die...

##########
#..g..g@g#
#.######g#
*<* #.#
*,*
#.#######
*,*
#....g..#
*,*
#######.#
*,* #.#
*,* #.# #
*,* #g#


You could see Robin, 2 hobgoblins and a goblin.

Vanquished Creatures
  An orc (D:3)
  A goblin (D:2)
  2 hobgoblins (D:2)
  4 jackals (D:2)
  A quokka (D:3)
  2 bats
  A rat (D:2)
12 creatures vanquished.

Notes
Turn   | Place    | Note
--------------------------------------------------------------
     0 | D:1      | M4edhros the Octopode Necromancer began the quest for the Orb.
     0 | D:1      | Reached XP level 1. HP: 11/11 MP: 3/3
    15 | D:1      | You fall through a shaft!
    41 | D:2      | Reached skill level 1 in Unarmed Combat
    85 | D:3      | Reached XP level 2. HP: 14/17 MP: 5/5
   139 | D:2      | Found a burning altar of Makhleb.
   180 | D:2      | Noticed Robin
   265 | D:2      | Slain by a hobgoblin

Vault maps used:
D:1:      grunt_arrival_lava_bath
D:2:      grunt_temple_overflow_order_and_chaos_2, first_bread, uniq_iyjb,
          uniq_robin, uniq_crazy_yiuf_cottage
D:3:      minmay_item_behind_shaft, nicolae_ru_awakened_eye

Skill      XL: |  1  2 |
---------------+-------+-----
Unarmed Combat | 1 2 |  2.1
Dodging        | |  2.0
Stealth        | |  2.6
Spellcasting   | |  2.0
Necromancy     | |  4.0

Action                   || total
-------------------------++-------
Melee: Unarmed           ||    12
       Constrict         ||     5
       Tentacles         ||     3
       Punch             ||     1
 Cast: Pain              ||    20
  Use: Scroll            ||     3
 Stab: Sleeping          ||     1
Armor: Skin              ||     2
Dodge: Dodged            ||     9
